 Dungeon Crawl Stone Soup version 0.29.0-4-gdea44cf6ec (webtiles) character file.

Game seed: 14957966074196111468

172 qw the Chopper (level 5, -2/53 HPs)
             Began as an Ogre Enchanter on Sept 3, 2022.
             Slain by Grinder (8 damage)
             ... on level 4 of the Dungeon.
             The game lasted 00:02:34 (5579 turns).

qw the Chopper (Ogre Enchanter)                     Turns: 5579, Time: 00:02:34

Health: -2/53      AC:  4    Str: 14    XL:     5   Next: 53%
Magic:  8/8        EV:  9    Int: 16    God:
Gold:   171        SH:  0    Dex:  9    Spells: 8/8 levels left

rFire   . . .      SeeInvis .   Y - +0 hand axe
rCold   . . .      Faith    .   (no shield)
rNeg    . . .      Spirit   .   b - +0 robe
rPois   .          Reflect  .   j - +1 hat
rElec   .          Harm     .   (no cloak)
rCorr   .          Rampage  .   (gloves unavailable)
Will    .....                   (boots unavailable)
Stlth   ++........              (no amulet)
HPRegen 0.17/turn               (no ring)
MPRegen 0.11/turn               (no ring)

@: no status effects
A: large, unfitting armour, tough skin 1
a: no special abilities


You were on level 4 of the Dungeon.
You visited 1 branch of the dungeon, and saw 4 of its levels.

You collected 171 gold pieces.


Innate Abilities, Weirdness & Mutations

You are too large for most types of armour.
You have tough skin. (AC +1)


   Skills:
 + Level 3.5 Fighting
 - Level 0.8 Short Blades
 - Level 4.1 Axes
 - Level 1.7 Dodging
 - Level 2.1 Stealth
 - Level 2.4 Spellcasting
 - Level 2.6 Hexes


You had 8 spell levels left.
You didn't know any spells.
Your spell library contained the following spells:

 Spells                   Type           Power      Damage    Failure   Level
 Ensorcelled Hibernation  Hex/Ice        12%        N/A       17%         2
 Confusing Touch          Hex            10%        N/A       21%         3
 Tukima's Dance           Hex            10%        N/A       21%         3
 Dazzling Flash           Conj/Hex       12%        N/A       34%         3

Inventory:

Hand Weapons
 d - a +0 morningstar
 Y - a +0 hand axe (weapon)
Armour
 b - a +0 robe (worn)
 j - a +1 hat (worn)
Scrolls
 g - a scroll of identify
Potions
 a - a potion of lignification {unknown}
 c - a potion of mutation {unknown}
 e - a potion of curing {unknown}
 h - a potion of might {unknown}
 i - a potion of heal wounds {unknown}

Dungeon Overview and Level Annotations

Branches:
Dungeon (4/15)
 Temple: D:4-7

Altars:

Shops:
D:1 [

Annotations:
D:4 Grinder


Message History

Grinder is moderately wounded.
Grinder hits you but does no damage.
You hit Grinder.
Grinder is moderately wounded.
Grinder blinks!
5399 ||| FLEEEEING.
Grinder gestures at you. You resist with significant effort.
There is a stone staircase leading up here.
5400 ||| STAIRDANCE You climb upwards.
There is a stone staircase leading down here.
You start resting.
HP restored.
Done exploring.
(D) Dungeon
Where to? (* - list waypoints, Enter - D:4, ? - help)
What level of the Dungeon? (default 1, ? - help)
You climb downwards.
Level annotation: Grinder
There is a stone staircase leading up here.
Grinder is nearby!
You barely miss Grinder. Grinder hits you.
You writhe in agony.
You hit Grinder but do no damage. Grinder barely misses you.
You hit Grinder but do no damage. Grinder hits you.
You writhe in agony.
You closely miss Grinder. Grinder hits you!
You writhe in agony.
You hit Grinder.
Grinder is lightly wounded.
Grinder hits you!
You writhe in agony.
Grinder hits you!
You writhe in agony.
You closely miss Grinder.
Grinder is lightly wounded.
Grinder hits you but does no damage.
You barely miss Grinder.
Grinder is lightly wounded.
Grinder hits you!
You die...

## ..#
#.#
#.# #
#.#
#.#.#
#.#.##
#...<#
###@##
#5#
#.#
#.#
#.#
#.#
...
###


You could see Grinder.

Vanquished Creatures
  An orc priest (D:3)
  An iguana (D:3)
  An orc wizard (D:3)
  4 adders
  2 worms (D:2)
  7 orcs
  4 bats
  4 endoplasms
  5 goblins (D:1)
  3 hobgoblins
  3 quokkas
  4 ball pythons
  5 frilled lizards
  5 kobolds
  A rat (D:2)
50 creatures vanquished.

Notes
Turn   | Place    | Note
-------+----------+-------------------------------------------
     0 | D:1      | qw the Ogre Enchanter began the quest for the Orb.
     0 | D:1      | Reached XP level 1. HP: 16/16 MP: 3/3
     0 | D:1      | 0 ||| qw: Version: 0.1-a-102-g441f92d
     0 | D:1      | 0 ||| qw: Game counter: 5139
     0 | D:1      | 0 ||| qw: Always use a shield: true
     0 | D:1      | 0 ||| qw: God list: Okawaru
     0 | D:1      | 0 ||| qw: Allow faded altars: false
     0 | D:1      | 0 ||| qw: Do Orc after D:15 true
     0 | D:1      | 0 ||| qw: Do second Lair branch before Depths: true
     0 | D:1      | 0 ||| qw: Lair rune preference: random
     0 | D:1      | 0 ||| qw: Plans: Normal
     0 | D:1      | 0 ||| PLANNING D:1-11
   143 | D:1      | 143 ||| SWAPPING to +0 club.
   144 | D:1      | 144 ||| DROPPING +1 dagger.
   276 | D:1      | Reached skill level 1 in Axes
   410 | D:1      | Reached skill level 1 in Fighting
   484 | D:1      | Reached XP level 2. HP: 24/27 MP: 5/5
   613 | D:1      | 613 ||| Stepping ~*~*~tactically~*~*~ (stealth).
   614 | D:1      | 614 ||| Stepping ~*~*~tactically~*~*~ (stealth).
   615 | D:1      | 615 ||| Stepping ~*~*~tactically~*~*~ (stealth).
   621 | D:1      | HP: 6/27 [frozen (5)]
  1029 | D:1      | Reached skill level 2 in Axes
  1144 | D:1      | 1144 ||| SWAPPING to +0 short sword.
  1145 | D:1      | 1145 ||| DROPPING +0 club.
  1146 | D:1      | Found Lineseatigg's Antique Armour Shoppe.
  1258 | D:1      | 1258 ||| UPGRADING to +1 hat.
  1263 | D:1      | 1263 ||| DROPPING ring of magical power.
  1264 | D:1      | 1264 ||| DROPPING ring of wizardry.
  1265 | D:1      | 1265 ||| READING scroll labelled ASY TE HOHIOF.
  1266 | D:1      | 1266 ||| READING scroll labelled XEIPTYI VAUX.
  1267 | D:1      | 1267 ||| READING scroll labelled ULETEO QIX FIM.
  1271 | D:1      | 1271 ||| DROPPING 2 potions of invisibility.
  1304 | D:2      | 1304 ||| STAIRDANCE
  1356 | D:2      | 1356 ||| STAIRDANCE
  1434 | D:2      | 1434 ||| SWAPPING to +0 whip.
  1435 | D:2      | 1435 ||| DROPPING +0 short sword.
  1518 | D:2      | Reached XP level 3. HP: 26/35 MP: 6/6
  1794 | D:2      | 1794 ||| FLEEEEING.
  2794 | D:2      | 2794 ||| SWAPPING to +0 morningstar.
  2795 | D:2      | 2795 ||| DROPPING +0 whip.
  2828 | D:2      | 2828 ||| Stepping ~*~*~tactically~*~*~ (stealth).
  2840 | D:2      | 2840 ||| FLEEEEING.
  2882 | D:2      | 2882 ||| FLEEEEING.
  2930 | D:2      | 2930 ||| Stepping ~*~*~tactically~*~*~ (outnumbered).
  3208 | D:2      | Found a faded altar of an unknown god.
  3220 | D:2      | 3220 ||| Stepping ~*~*~tactically~*~*~ (stealth).
  3254 | D:2      | Reached skill level 3 in Axes
  3254 | D:2      | Reached XP level 4. HP: 40/42 MP: 7/7
  3490 | D:2      | 3490 ||| DROPPING +6 ring of intelligence.
  3491 | D:2      | 3491 ||| READING scroll labelled QUBYTYXIY.
  3492 | D:2      | 3492 ||| DRINKING 2 orange potions.
  3493 | D:2      | 3493 ||| DROPPING potion of flight.
  3654 | D:3      | 3654 ||| FLEEEEING.
  3655 | D:3      | 3655 ||| FLEEEEING.
  3670 | D:3      | Reached skill level 3 in Fighting
  3888 | D:3      | 3888 ||| SWAPPING to +0 hand axe.
  4006 | D:3      | HP: 11/45 [poisoned by an adder]
  4307 | D:3      | 4307 ||| Stepping ~*~*~tactically~*~*~ (hiding).
  4310 | D:3      | 4310 ||| Stepping ~*~*~tactically~*~*~ (hiding).
  4311 | D:3      | 4311 ||| Stepping ~*~*~tactically~*~*~ (hiding).
  4337 | D:3      | Reached XP level 5. HP: 17/53 MP: 8/8
  4339 | D:3      | HP: 1/53 [orc priest/divine providence (14)]
  4344 | D:3      | Reached skill level 4 in Axes
  4348 | D:3      | 4348 ||| FLEEEEING.
  4349 | D:3      | 4349 ||| FLEEEEING.
  4350 | D:3      | 4350 ||| FLEEEEING.
  4351 | D:3      | 4351 ||| FLEEEEING.
  4352 | D:3      | 4352 ||| FLEEEEING.
  4436 | D:3      | 4436 ||| FLEEEEING.
  4437 | D:3      | 4437 ||| FLEEEEING.
  4438 | D:3      | 4438 ||| FLEEEEING.
  4439 | D:3      | 4439 ||| STAIRDANCE
  4647 | D:2      | 4647 ||| READING scroll labelled OJEWKI UW ZUG.
  4648 | D:2      | 4648 ||| READING 2 scrolls labelled HIRCHI UBROMO.
  4649 | D:2      | 4649 ||| READING scroll labelled VOREIZ PETWAPI.
  4656 | D:3      | 4656 ||| STAIRDANCE
  4716 | D:3      | 4716 ||| Stepping ~*~*~tactically~*~*~ (stealth).
  4719 | D:3      | 4719 ||| Stepping ~*~*~tactically~*~*~ (stealth).
  4725 | D:3      | 4725 ||| Stepping ~*~*~tactically~*~*~ (stealth).
  5386 | D:4      | Noticed Grinder
  5394 | D:4      | Paralysed by Grinder for 2 turns
  5399 | D:4      | 5399 ||| FLEEEEING.
  5400 | D:4      | 5400 ||| STAIRDANCE
  5577 | D:4      | HP: 8/53 [Grinder (8)]
  5579 | D:4      | Slain by Grinder

Levels and vault maps discovered:
D:1:      roderic_crossed_star, layout_loops_cross, serial_shops,
          nicolae_shop_statue_plus, minmay_box_of_dots
D:2:      layout_loops_corners, chequers_ecumenical_altar_island,
          kennysheep_generic_room_3
D:3:      layout_basic
D:4:      layout_basic, uniq_sigmund, uniq_eustachio, uniq_grinder

Skill      XL: |  1  2  3  4  5 |
---------------+----------------+-----
Axes           | 1 2 3 4 |  4.1
Fighting       | 1 2 3 |  3.5
Short Blades   | |  0.8
Dodging        | |  1.7
Stealth        | |  2.1
Spellcasting   | |  2.4
Hexes          | |  2.6

Action                   |  1- 3 |  4- 6 || total
-------------------------+-------+-------++-------
Melee: Club              |    64 |       ||    64
       Dagger            |     6 |       ||     6
       Short sword       |    15 |       ||    15
       Whip              |   110 |       ||   110
       Morningstar       |    26 |    15 ||    41
       Punch             |     2 |     2 ||     4
       Hand axe          |       |    84 ||    84
  Use: Scroll            |     3 |     4 ||     7
       Potion            |       |     1 ||     1
 Stab: Sleeping          |     1 |       ||     1
Armor: Robe              |    81 |    27 ||   108
Dodge: Dodged            |   107 |    26 ||   133

Table legend:
 A = Non-vault XP
 B = Vault XP
 C = Vault XP percentage of total XP
 D = Non-vault monster count
 E = Vault monster count
 F = Vault count percentage of total count
                 A         B        C        D         E       F
            +---------+---------+-------+---------+---------+-------
      Total |     229 |      18 |   7.3 |      47 |       3 |   6.0
            +---------+---------+-------+---------+---------+-------
        D:1 |      24 |       4 |  14.3 |      15 |       2 |  11.8
        D:2 |      56 |      14 |  20.0 |      21 |       1 |   4.5
        D:3 |     149 |       0 |   0.0 |      11 |       0 |   0.0
            +---------+---------+-------+---------+---------+-------
